[Event "*** Titled Tuesday Blitz"]
[Site "Chess.com"]
[Date "2021.02.16"]
[Round "3"]
[White "Emeraldddd"]
[Black "igorcadilhac"]
[Result "0-1"]
[WhiteElo "2516"]
[BlackElo "2342"]
[TimeControl "180+1"]
[EndTime "10:32:53 PST"]
[Termination "igorcadilhac won by resignation"]

1. e4 e5 2. Nf3 Nf6 3. Nc3 Bb4 4. Bc4 O-O 5. O-O Nc6 6. d3 Bxc3 7. bxc3 d5 8. exd5 Nxd5 9. Re1 Bg4 10. Bb2 Nb6 11.
Bb5 Qf6 12. h3 Bxf3 13. Qxf3 Qxf3 14. gxf3 f6 15. d4 exd4 16. cxd4 a6 17. Bxc6 bxc6 18. Re7 Nd5 19. Re6 Rfe8 20. Rxc6 Re2 21. Rd1 Rae8 22. Kf1 h5 23. Bc1 R2e6 24. Rxe6 Rxe6 25. c4 Nb4 26. a3 Nc6 27. d5 Rd6 28. Bf4 Rd7 29. Rd2 Na5 30.
Rc2 Nb3 31. Rc3 Nc5 32. Be3 Nb7 33. Ke2 Nd6 34. c5 Nb5 35. Rd3 Kf7 36. a4 Na7 37.
c6 Re7 38. Kd2 Nc8 39. Bc5 Re5 40. f4 Re4 41. d6 cxd6 42. Bxd6 Rc4 43. c7 Rc6 44. Bb4 Rxc7 45. Ba5 Rb7 46. Ke3 Ne7 47. Bc3 Nf5+ 48. Ke4 g6 49. a5 Re7+ 50. Kf3 Nh4+ 51. Kg3 Nf5+ 52. Kg2 Nh4+ 53. Kh2 Nf5 54. Bb2 Rb7 55.
Ba1 Rb5 56. Bc3 Ke6 57. Rd8 Nd6 58. Bxf6 Nf7 59. Bg5 Nxd8 60. Bxd8 Kf5 61. Kg3 Rb3+ 62. f3 Ra3 63. Bb6 Ra4 64. Bc7 Ra1 65. Bb6 Ra2 66. Bc7 Ra4 67. Bb6 Rxf4 68. Bc7 Ra4 69. Bb6 h4+ 70. Kg2 Ra2+ 71. Bf2 Kf4 72. Kg1 g5 73.
Be1 Kxf3 74. Bb4 Ra1+ 75. Kh2 Ra2+ 76. Kg1 Ra4 77. Bd6 Rxa5 78. Be7 Ra1+ 79. Kh2 Ra2+ 80. Kg1 Rg2+ 81. Kh1 Re2 82. Bxg5 Kg3 0-1

[Event "*** Titled Tuesday Blitz"]
[Site "Chess.com"]
[Date "2021.02.16"]
[Round "3"]
[White "dragos420"]
[Black "Chesswizard_2007"]
[Result "1-0"]
[WhiteElo "2530"]
[BlackElo "2713"]
[TimeControl "180+1"]
[EndTime "10:33:01 PST"]
[Termination "dragos420 won on time"]

1. e4 e5 2. Nf3 Nf6 3. Nxe5 Nc6 4. Nxc6 dxc6 5. Nc3 Bc5 6. Be2 h5 7. d3 Qd6 8. h3 Be6 9. Bg5 O-O-O 10. Qd2 b5 11. Qf4 Qd4 12. e5 Qxf4 13. Bxf4 Nd5 14. Nxd5 Bxd5 15.
O-O h4 16. c3 g5 17. Bxg5 Rdg8 18. Bg4+ Kb7 19. Bf6 Rh6 20. d4 Bf8 21. Rae1 c5 22. Re3 a5 23. Bf3 Bxf3 24. Rxf3 Rhg6 25. Bxh4 Rxg2+ 26. Kh1 R2g7 27. Rg3 cxd4 28. cxd4 Rh8 29.
Bf6 Rxg3 30. fxg3 Rxh3+ 31. Kg2 Rh7 32. d5 Kc8 33. Rc1 Kd7 34. Rc6 a4 35. a3 Rh5 36.
Ra6 Be7 37. e6+ fxe6 38. dxe6+ Kc8 39. Bxe7 Kb7 40. Ra5 Re5 41. Bb4 Kb6 42. e7 c5 43.
Ra8 Rxe7 44. Bc3 Re4 45. Rb8+ Kc6 46. Rc8+ Kd5 47. Rd8+ Kc4 48. Rf8 b4 49. axb4 cxb4 50.
Bh8 Kb3 51. Rf3+ Ka2 52. Rf2 Rc4 53. Kh3 b3 54. Bc3 Kb1 55. g4 a3 56. g5 a2 57.
Rf1+ Kc2 58. g6 Rc6 59. g7 Rg6 60. Kh4 Kd3 61. Kh5 Rg2 62. Kh6 Ke2 63. Ra1 Rh2+ 64.
Kg6 Rg2+ 65. Kf7 Rg1 66. g8=Q Rxa1 67. Qg2+ Kd3 68. Qd2+ Ke4 69. Qd4+ Kf3 70. Qd5+ Ke2 71. Qc4+ Ke3 72. Bd4+ Kf3 73. Qxb3+ Ke4 74. Bf6 Kf4 75. Qa4+ Ke3 76. b4 Rd1 77. Qxa2 Rd7+ 78. Kg8 Rd3 79.
Qe6+ Kd2 80. Qf7 Rg3+ 81. Bg7 Ra3 82. b5 Rb3 83. Qxb3 1-0

[Event "*** Titled Tuesday Blitz"]
[Site "Chess.com"]
[Date "2021.02.16"]
[Round "3"]
[White "Gusarov91"]
[Black "FoggyMorning"]
[Result "1/2-1/2"]
[WhiteElo "2412"]
[BlackElo "2606"]
[TimeControl "180+1"]
[EndTime "10:33:01 PST"]
[Termination "Game drawn - insufficient material"]

1. d4 Nf6 2. Nf3 e6 3. c4 Bb4+ 4. Bd2 Qe7 5. Qc2 Nc6 6. g3 O-O 7. Bg2 Bxd2+ 8. Nbxd2 d6 9. O-O a5 10. e4 e5 11. d5 Nb8 12. Ne1 Na6 13. Nd3 Bd7 14.
b3 b6 15. a3 Nc5 16. Nb2 c6 17. b4 Nb7 18. Nd3 Rfc8 19. Qb3 b5 20. dxc6 Bxc6 21. Rfc1 bxc4 22. Rxc4 Bb5 23. Rxc8+ Rxc8 24. bxa5 Bxd3 25.
Qxd3 Nxa5 26. Qa6 Qc7 27. Nf1 Nb3 28. Re1 Nc5 29. Qc4 Qa5 30. Re3 Rb8 31. h3 h6 32.
g4 Rb1 33. Kh2 Ra1 34. Qb4 Qxb4 35. axb4 Ne6 36. Rb3 Nd4 37. Rb2 Nd7 38. b5 Nb6 39. Ne3 Ra5 40. Bf1 Kf8 41. Nd5 Nxd5 42. exd5 Ra8 43.
b6 Rb8 44. b7 Ke7 45. Ba6 Kd7 46. f4 exf4 47. Rb4 Nf3+ 48. Kg2 Ne5 49. Rxf4 Kc7 50. Rb4 Nd7 51. Rf4 f6 52. Re4 Nc5 53.
Re7+ Kb6 54. Be2 Rxb7 55. Re8 Rc7 56. Rb8+ Ka5 57. Bf3 Ka4 58. Kg3 Nd3 59. Kh4 Ne5 60.
Be4 Rc3 61. Bg2 Rc2 62. Bf1 Rf2 63. Ra8+ Kb4 64. Ra1 Kc3 65. Kh5 Kb2 66. Re1 Nf3 67. Re2+ Rxe2 68. Bxe2 Ne5 69. h4 Kc3 70. g5 hxg5 71.
hxg5 Kd2 72. gxf6 gxf6 73. Bf1 Ke3 74. Kh6 f5 75. Kg5 f4 76. Kf6 f3 77. Ke6 Kf2 78. Ba6 Ke3 79. Bf1 Nd3 80. Kxd6 Nf4 81. Ke5 Nxd5 82.
Kxd5 Kf2 83. Ba6 Kg2 84. Ke4 f2 85. Ke3 f1=Q 86. Bxf1+ 1/2-1/2

[Event "*** Titled Tuesday Blitz"]
[Site "Chess.com"]
[Date "2021.02.16"]
[Round "3"]
[White "KubaGepard"]
[Black "Neftegor"]
[Result "1-0"]
[WhiteElo "2399"]
[BlackElo "2574"]
[TimeControl "180+1"]
[EndTime "10:33:13 PST"]
[Termination "KubaGepard won on time"]

1. d4 Nf6 2. Nf3 e6 3. Bf4 d5 4.
e3 Bd6 5. c3 O-O 6. Bg3 c5 7.
Nbd2 Qc7 8. dxc5 Qxc5 9. Be2 Bxg3 10. hxg3 Nc6 11. a3 Rd8 12. Qc2 h6 13. c4 Qe7 14.
O-O d4 15. exd4 Nxd4 16. Nxd4 Rxd4 17. Nf3 Rd8 18. Ne5 Qc5 19. Nd3 Qc7 20. Bf3 e5 21.
Rfe1 Bf5 22. Be2 Rd4 23. Qb3 Rad8 24. Nb4 a5 25. Nc2 Rd2 26. Ne3 Be6 27. Qb5 Ne4 28.
Rac1 b6 29. b4 Rb2 30. c5 bxc5 31. Qxa5 Qxa5 32. bxa5 Ra2 33. Bc4 Bxc4 34. Nxc4 Nxf2 35. Nxe5 f6 36. Ra1 Rb2 37. Rab1 Ra2 38. Ra1 Rc2 39. Rac1 Rcd2 40. Nf3 Ra2 41. Ra1 Rxa1 42. Rxa1 Ne4 43. Re1 f5 44. Rc1 Ra8 45. Ne5 Rxa5 46. Nc4 Rb5 47. Kh2 Rb3 48. a4 Nf6 49. a5 Ng4+ 50. Kg1 Rb8 51. Ra1 Ra8 52. a6 Nf6 53. Nb6 Ra7 54. Nc8 Rc7 55. a7 Rxc8 56. a8=Q Rxa8 57.
Rxa8+ Kf7 58. Rc8 Ne4 59. g4 fxg4 60. Kf1 Kf6 61. Ke2 g5 62. Ke3 Nd6 63. Rc6 Ke5 64. Rxc5+ Ke6 65. Rc6 Ke5 66. Ra6 Nf5+ 67. Kf2 h5 68. Ra5+ Kf4 69. Ra4+ Ke5 70. g3 Nd4 71. Ra5+ Ke4 72. Rxg5 h4 73. gxh4 g3+ 74. Rxg3 Nf5 75. Rg4+ Ke5 76. Kf3 Kf6 77. Rf4 Kg6 78. Kg4 Nh6+ 79.
Kg3 Nf5+ 80. Kh3 Nh6 81. Re4 Nf5 82. Ra4 Kf6 83. Ra6+ Ke5 84. Kg4 Ne3+ 85. Kg5 Ke4 86. Ra4+ Ke5 87. h5 Nd5 88. Ra5 Ke6 89. Rxd5 Kxd5 90. h6 Ke6 91. h7 Kf7 92. h8=Q 1-0

[Event "*** Titled Tuesday Blitz"]
[Site "Chess.com"]
[Date "2021.02.16"]
[Round "3"]
[White "Ze-Pequeno"]
[Black "bazar-wokzal"]
[Result "1/2-1/2"]
[WhiteElo "2295"]
[BlackElo "2570"]
[TimeControl "180+1"]
[EndTime "10:33:18 PST"]
[Termination "Game drawn - insufficient material"]

1. e4 Nc6 2. Nf3 d5 3. exd5 Qxd5 4. Nc3 Qa5 5. Bb5 Bd7 6. O-O a6 7. Bxc6 Bxc6 8. Re1 Qh5 9. Ne5 Qxd1 10. Nxd1 Bd5 11.
Ne3 Be6 12. d4 c6 13. b3 f6 14. Nd3 O-O-O 15. Bb2 Bf7 16. Nf4 g5 17. Ne2 h5 18.
Rad1 Nh6 19. c4 Ng4 20. Nxg4 hxg4 21. Ng3 Bg6 22. Ne4 Rh7 23. Nc5 Bf5 24. Ne6 Re8 25.
d5 Bh6 26. Nd4 Bd7 27. dxc6 bxc6 28. Ba3 e5 29. Ne2 f5 30. Ng3 e4 31. Bd6 Bf8 32.
Bxf8 Rxf8 33. Rd6 Re7 34. Rg6 Kc7 35. Rxg5 f4 36. Nf1 e3 37. fxe3 f3 38. gxf3 gxf3 39.
Kf2 Rh7 40. Rg3 Rhf7 41. Nd2 Kb6 42. Rxf3 Rxf3+ 43. Nxf3 Bg4 44. Kg3 Bxf3 45. Rf1 Rg8+ 46. Kxf3 Rf8+ 47. Ke2 Rh8 48. Rf2 Kc5 49. a3 a5 50. Kd3 Rd8+ 51. Kc3 Re8 52. b4+ axb4+ 53. axb4+ Kd6 54. Rf3 Re4 55. h3 Rh4 56. Kd3 Ke5 57. Rg3 Kf5 58. Rf3+ Ke5 59. Kc3 Ke4 60. Rg3 Ke5 61.
b5 cxb5 62. cxb5 Kd6 63. Rg6+ Kc5 64. Rg5+ Kb6 65. Kd3 Rxh3 66. Kd4 Rh1 67. e4 Rd1+ 68. Ke3 Re1+ 69. Kf4 Rf1+ 70. Kg4 Rg1+ 71. Kf5 Rf1+ 72. Ke6 Re1 73. Re5 Re2 74. Kf5 Rf2+ 75. Kg4 Rg2+ 76. Kf3 Rg1 77. Rd5 Rf1+ 78. Ke3 Re1+ 79. Kf4 Rf1+ 80.
Kg5 Re1 81. Kf5 Rf1+ 82. Ke6 Rh1 83. e5 Rh6+ 84. Kf5 Rh5+ 85. Kg6 Rh1 86. e6 Rg1+ 87.
Kf7 Rf1+ 88. Ke8 Rd1 89. e7 Rxd5 90. Kf8 Rf5+ 91. Kg7 Re5 92. Kf7 Rxe7+ 93. Kxe7 Kxb5 1/2-1/2

[Event "*** Titled Tuesday Blitz"]
[Site "Chess.com"]
[Date "2021.02.16"]
[Round "3"]
[White "albi1999"]
[Black "Twitch_ElhamBlitz05"]
[Result "1/2-1/2"]
[WhiteElo "2612"]
[BlackElo "2820"]
[TimeControl "180+1"]
[EndTime "10:33:31 PST"]
[Termination "Game drawn by stalemate"]

1. d4 Nf6 2. c4 e6 3. Nf3 d5 4. g3 dxc4 5. Bg2 c5 6. O-O Nc6 7. dxc5 Qxd1 8. Rxd1 Bxc5 9. Nbd2 c3 10. bxc3 O-O 11.
Nb3 Be7 12. c4 Bd7 13. Bb2 Rac8 14. Bxf6 Bxf6 15. Rxd7 Bxa1 16. Nxa1 Rfd8 17. Rxd8+ Rxd8 18. Nb3 Rd1+ 19. Bf1 Rb1 20. Nfd2 Rb2 21. a3 Nd4 22. Nxd4 Rxd2 23. e3 Ra2 24. Nb5 a6 25. Nd6 Rxa3 26.
Nxb7 Ra1 27. c5 a5 28. c6 a4 29. Nc5 Rc1 30. Nxa4 Rxc6 31. Nb2 g6 32. Nd3 Kg7 33. h4 Rc7 34. Kg2 Ra7 35. Nf4 Ra8 36. Be2 Rd8 37.
g4 Rb8 38. Bf3 Rc8 39. Kg3 Rb8 40. Bg2 Rb2 41. Nd3 Rb8 42. Ne5 Rb5 43. Nc6 Rc5 44. Nd4 Ra5 45. f4 Ra3 46. Kf3 Ra5 47. Bf1 e5 48.
fxe5 Rxe5 49. Bc4 Ra5 50. Bb3 Ra3 51. Bd5 Ra5 52. e4 Ra1 53. Nc6 Rh1 54. Kg3 Rg1+ 55. Kf4 Rh1 56. Ne5 Rxh4 57. Nxf7 h5 58. Ne5 hxg4 59.
Nxg4 Rh1 60. e5 Rf1+ 61. Kg3 Kf8 62. Ne3 Ra1 63. Be4 Ra5 64. Kf4 Kf7 65. Nc4 Rc5 66.
Nd2 Ra5 67. Nf3 Rb5 68. Ng5+ Kg7 69. Ne6+ Kf7 70. Ng5+ Kg7 71. Bd3 Ra5 72. Ke4 Kf8 73.
Kd4 Ke7 74. Bxg6 Ra4+ 75. Kd5 Rg4 76. Nf3 Rxg6 77. Nd4 Rg1 78. Nf5+ Kf7 79. Nd6+ Ke7 80. Nf5+ Kf7 81. Nd6+ Kf8 82. Ke6 Ra1 83. Kf6 Rf1+ 84.
Ke6 Rh1 85. Kd7 Rh7+ 86. Ke6 Re7+ 87. Kf6 Ra7 88. e6 Rh7 89. Nf5 Ra7 90. Nh4 Rf7+ 91. exf7 1/2-1/2

[Event "*** Titled Tuesday Blitz"]
[Site "Chess.com"]
[Date "2021.02.16"]
[Round "3"]
[White "Mr_Sinigami"]
[Black "Indianlad"]
[Result "0-1"]
[WhiteElo "2657"]
[BlackElo "2922"]
[TimeControl "180+1"]
[EndTime "10:34:13 PST"]
[Termination "Indianlad won on time"]

1. d4 g6 2. e4 Bg7 3. Nc3 a6 4. g3 b5 5. a3 Bb7 6. Bg2 d6 7. Nge2 Nd7 8. Be3 c5 9. O-O cxd4 10. Bxd4 Bxd4 11. Qxd4 Ngf6 12. h3 O-O 13. Nd5 Bxd5 14.
exd5 Rc8 15. c3 Nb6 16. Rfe1 Rc4 17. Qd2 Qc7 18. Rad1 Rc8 19. Qg5 Rc5 20. Nf4 Kg7 21. Nd3 Rxd5 22. Bxd5 Nbxd5 23. Nb4 Nxb4 24. axb4 Qb7 25.
Qe3 Rc7 26. Qd4 h5 27. Re2 Qf3 28. Re3 Qf5 29. Kg2 Rd7 30. Rf3 Qc2 31. Rd2 Qb3 32.
Re2 e5 33. Qb6 Qc4 34. Rxe5 dxe5 35. Qxf6+ Kh7 36. Qxe5 Qc6 37. Qe2 Rd6 38. Kh2 Qd7 39. Qe5 Rd2 40. h4 Rxb2 41. Qf6 Kg8 42. Re3 Rd2 43. Re5 Rd6 44. Qf4 Kg7 45. Qe4 Rf6 46. Kg2 Qd2 47. Qe3 Qa2 48. Qd4 Qc2 49. Rd5 Qe2 50.
Rd6 Qf3+ 51. Kg1 Qxf2+ 52. Qxf2 Rxd6 53. Qc5 Re6 54. Kf2 Kg8 55. Qd4 Kh7 56. Kf3 Kg8 57.
Kf4 Kh7 58. Qd7 Kg7 59. Qd4+ Kh7 60. Kg5 f6+ 61. Kf4 Re5 62. Qd7+ Kh6 63. Qf7 Rf5+ 64.
Ke4 Re5+ 65. Kd4 Rf5 66. Qg8 g5 67. Ke4 Re5+ 68. Kf3 Rf5+ 69. Kg2 gxh4 70. gxh4 Rf4 71. Kh3 Rf3+ 72. Kg2 Rxc3 73. Kf2 Rc4 74. Kf3 Rg4 75. Qf8+ Kg6 76. Qd6 Rxh4 77. Kg3 Rg4+ 78. Kh3 Rc4 79. Qe7 Rc3+ 80. Kh4 Rc4+ 81. Kg3 Rc3+ 82. Kf4 Rc4+ 83. Ke3 h4 84. Qf8 Kf5 85. Kd3 Rg4 86. Kc3 h3 87. Qh8 Rg3+ 88. Kc2 Kg4 89. Kd2 f5 90. Ke2 Rg2+ 91.
Ke3 f4+ 92. Ke4 Re2+ 93. Kd3 f3 94. Qg7+ Kf4 95. Qh6+ Kg4 96. Qg6+ Kh4 97. Qf6+ Kg3 98. Qg5+ Kf2 99. Qh4+ Kg2 100. Qg4+ Kf2 101. Qxh3 Re3+ 102. Kd4 Rb3 103. Qh2+ Kf1 104. Qh1+ Ke2 105. Qh2+ f2 106. Qh5+ Rf3 107. Qh2 Kd1 0-1

[Event "*** Titled Tuesday Blitz"]
[Site "Chess.com"]
[Date "2021.02.16"]
[Round "3"]
[White "AlexPapasimakopoulos"]
[Black "Alexsur1981"]
[Result "1/2-1/2"]
[WhiteElo "2624"]
[BlackElo "2850"]
[TimeControl "180+1"]
[EndTime "10:34:29 PST"]
[Termination "Game drawn by 50-move rule"]

1. d4 d5 2. c4 e6 3. Nc3 c6 4. e3 Nf6 5. Nf3 Nbd7 6. Be2 dxc4 7. Bxc4 b5 8. Be2 Bb7 9. O-O a6 10. a4 b4 11. Nb1 c5 12. b3 Be7 13. Bb2 O-O 14.
Nbd2 Rc8 15. Nc4 Qc7 16. Rc1 Qb8 17. Nfe5 Rfd8 18. Nxd7 Rxd7 19. Nb6 Rcd8 20. Nxd7 Rxd7 21. Bf3 cxd4 22. exd4 Nd5 23. Qd2 h6 24. Rc2 Qd8 25. Rd1 Qb6 26. Qe1 g6 27. h3 Bf6 28.
g3 h5 29. h4 Nc3 30. Bxb7 Nxd1 31. Bc8 Nxb2 32. Bxd7 Qxd4 33. Bc6 Nd3 34. Qe3 Qxe3 35. fxe3 Bc3 36. a5 Nc5 37. Bf3 Nxb3 38. Be2 Nxa5 39. Bxa6 Nb3 40. Kf2 Nc5 41. Bc4 Ne4+ 42. Kg2 Nd2 43.
Bd3 Kg7 44. Kf2 Kf6 45. Ke2 Nb3 46. Bc4 Nc5 47. Rc1 Ne4 48. Rg1 Ke5 49. Kd3 f5 50. Bb5 Kf6 51. Bc6 Nf2+ 52. Ke2 Ng4 53. Ba4 e5 54.
Rd1 e4 55. Rd6+ Kg7 56. Be8 Ne5 57. Rb6 Kh7 58. Kf2 Kh6 59. Ke2 Kg7 60. Kf2 Bd2 61. Ke2 Bxe3 62. Rb7+ Kf8 63. Bxg6 f4 64. Bxe4 Ng4 65. gxf4 Bxf4 66. Rxb4 Bg3 67. Bf3 Bxh4 68. Bxg4 hxg4 69. Rxg4 Bf6 70. Kf3 Ke7 71. Ke4 Kd7 72.
Kd5 Kc7 73. Rc4+ Kb7 74. Kd6 Bg5 75. Rb4+ Kc8 76. Kc6 Kd8 77. Rb7 Bf4 78. Rd7+ Ke8 79. Rh7 Kd8 80. Rf7 Bg3 81. Rf3 Bh2 82. Rd3+ Ke8 83.
Rh3 Bf4 84. Rh4 Bg3 85. Rg4 Bh2 86. Kd5 Kd7 87. Rh4 Bg3 88. Rh7+ Kc8 89. Kc6 Kb8 90. Rb7+ Ka8 91. Rb3 Bf2 92. Rb2 Bd4 93. Re2 Ka7 94.
Re6 Kb8 95. Rd6 Bf2 96. Rd2 Be3 97. Rb2+ Ka7 98. Rb7+ Ka8 99. Rb3 Bg1 100. Rb4 Ka7 101. Kc7 Bh2+ 102. Kc6 Bg1 103. Rb2 Be3 104. Rb3 Bg1 105. Rf3 Bd4 106. Kc7 Be5+ 107. Kc6 Bd4 108. Rf7+ Ka8 109. Rd7 Bf2 110. Rd3 Ka7 111. Kc7 Ka6 112. Ra3+ Kb5 113. Rf3 Bc5 114. Rf5 Kc4 115. Kc6 Bd4 116. Rh5 Kd3 117. Kd5 Bf2 118. Rh3+ Ke2 119. Ke4 1/2-1/2

[Event "*** Titled Tuesday Blitz"]
[Site "Chess.com"]
[Date "2021.02.16"]
[Round "4"]
[White "GianmarcoVaR"]
[Black "Zmeeed63"]
[Result "1-0"]
[WhiteElo "2655"]
[BlackElo "2474"]
[TimeControl "180+1"]
[EndTime "10:35:56 PST"]
[Termination "GianmarcoVaR won by resignation"]

1. Nf3 Nf6 2. g3 d5 3. Bg2 e6 4. O-O Be7 5. c4 O-O 6. d4 c6 7. Qc2 Nbd7 8. Nbd2 b6 9. e4 Bb7 10. e5 Ne8 11. cxd5 cxd5 12. Re1 Rc8 1-0

[Event "*** Titled Tuesday Blitz"]
[Site "Chess.com"]
[Date "2021.02.16"]
[Round "4"]
[White "niki_2003"]
[Black "novocane"]
[Result "0-1"]
[WhiteElo "2006"]
[BlackElo "2257"]
[TimeControl "180+1"]
[EndTime "10:36:09 PST"]
[Termination "novocane won by resignation"]

1. e4 c5 2. Nf3 Nc6 3. d4 cxd4 4. Nxd4 e5 5. Nc3 exd4 6. Ne2 Nf6 7. Nxd4 Nxe4 8. Nxc6 dxc6 9. Bd3 Nf6 10. Bg5 Be7 11. Qf3 Qd5 12. O-O-O Qxf3 0-1

[Event "*** Titled Tuesday Blitz"]
[Site "Chess.com"]
[Date "2021.02.16"]
[Round "4"]
[White "TokChess"]
[Black "ajedrez1101"]
[Result "1-0"]
[WhiteElo "2387"]
[BlackElo "2107"]
[TimeControl "180+1"]
[EndTime "10:36:19 PST"]
[Termination "TokChess won by resignation"]

1. e4 g6 2. Nf3 Bg7 3. Bc4 d6 4. d3 c5 5. h4 Bg4 6. Bxf7+ Kxf7 7. Ng5+ Ke8 8. Qxg4 Nf6 9. Qe6 Rf8 10. Qb3 Qb6 11. Qxb6 axb6 12. Ne6 1-0

[Event "*** Titled Tuesday Blitz"]
[Site "Chess.com"]
[Date "2021.02.16"]
[Round "4"]
[White "markowskitomasz"]
[Black "Alexander_Moskalenko"]
[Result "1-0"]
[WhiteElo "2602"]
[BlackElo "2758"]
[TimeControl "180+1"]
[EndTime "10:36:26 PST"]
[Termination "markowskitomasz won by resignation"]

1. d4 Nf6 2. Nf3 e6 3. e3 c5 4. Bd3 b6 5. O-O Bb7 6. c4 cxd4 7.
exd4 d5 8. cxd5 Nxd5 9. Nc3 Be7 10. Ne5 Nd7 11. Bb5 Bc8 12. Nxd5 exd5 13. Nc6 Qc7 14.
Re1 1-0

[Event "*** Titled Tuesday Blitz"]
[Site "Chess.com"]
[Date "2021.02.16"]
[Round "4"]
[White "ailime26"]
[Black "Kostukov_Alex"]
[Result "0-1"]
[WhiteElo "2110"]
[BlackElo "2342"]
[TimeControl "180+1"]
[EndTime "10:36:42 PST"]
[Termination "Kostukov_Alex won by resignation"]

1. e4 c5 2. Nf3 g6 3. d4 cxd4 4. Nxd4 Bg7 5. Be3 Nf6 6. f3 Nc6 7. Nc3 O-O 8. Qd2 d5 9. O-O-O dxe4 10. fxe4 Ng4 11. Bg1 Bh6 0-1

[Event "*** Titled Tuesday Blitz"]
[Site "Chess.com"]
[Date "2021.02.16"]
[Round "4"]
[White "IMAghasiyevKamal"]
[Black "Spriteball"]
[Result "1-0"]
[WhiteElo "2529"]
[BlackElo "2350"]
[TimeControl "180+1"]
[EndTime "10:36:56 PST"]
[Termination "IMAghasiyevKamal won by resignation"]

1. d4 d5 2. c4 c6 3. Nc3 Nf6 4. e3 Bf5 5. cxd5 cxd5 6. Qb3 Qd7 7. Nf3 e6 8. Ne5 Qc7 9. Bd2 Bd6 10. Nb5 Qb6 11. Nxd6+ Qxd6 12. Qxb7 O-O 13. Qxa8 Nbd7 14. Qc6 1-0

[Event "*** Titled Tuesday Blitz"]
[Site "Chess.com"]
[Date "2021.02.16"]
[Round "4"]
[White "ChessFighter1975"]
[Black "sorch29"]
[Result "1-0"]
[WhiteElo "2406"]
[BlackElo "2150"]
[TimeControl "180+1"]
[EndTime "10:37:28 PST"]
[Termination "ChessFighter1975 won by resignation"]

1. d4 Nf6 2. c4 g6 3. Nc3 Bg7 4. e4 d6 5. Nge2 O-O 6. Ng3 c5 7. d5 e6 8. Be2 Re8 9. O-O exd5 10. exd5 Nfd7 11. Bf4 Ne5 12. Qd2 f5 13. h3 Nbd7 14.
Nb5 Nf8 15. Bh6 a6 16. Nc3 Bd7 17. a4 Qf6 18. Bg5 Qf7 19. f4 h6 20. fxe5 hxg5 21.
e6 Bxe6 22. dxe6 Qxe6 1-0

[Event "*** Titled Tuesday Blitz"]
[Site "Chess.com"]
[Date "2021.02.16"]
[Round "4"]
[White "Infernal_XaM"]
[Black "albi1999"]
[Result "1-0"]
[WhiteElo "2819"]
[BlackElo "2608"]
[TimeControl "180+1"]
[EndTime "10:37:29 PST"]
[Termination "Infernal_XaM won by resignation"]

1. d4 d5 2. c4 e6 3. Nf3 Nf6 4.
Bg5 Be7 5. Nc3 Nbd7 6. Qc2 h6 7.
Bf4 a6 8. c5 O-O 9. g4 b6 10.
c6 Nb8 11. g5 hxg5 12. Nxg5 Nxc6 13. e3 Nb4 14. Qb1 c5 15. Rg1 Bb7 16. Be5 Re8 17. Nxf7 1-0

[Event "*** Titled Tuesday Blitz"]
[Site "Chess.com"]
[Date "2021.02.16"]
[Round "4"]
[White "maximnovik"]
[Black "BvsN"]
[Result "1-0"]
[WhiteElo "2540"]
[BlackElo "2364"]
[TimeControl "180+1"]
[EndTime "10:37:29 PST"]
[Termination "maximnovik won by resignation"]

1. d4 d5 2. c4 c6 3. Nc3 Nf6 4. Bf4 dxc4 5. e3 b5 6. a4 b4 7.
Na2 Nd5 8. Bxc4 Nxf4 9. exf4 e6 10. Nf3 c5 11. O-O cxd4 12. Nxd4 Be7 13. Qf3 Qc7 14.
Bb5+ Kf8 15. Qxa8 Bb7 16. Qxa7 Bc5 17. Rac1 1-0

[Event "*** Titled Tuesday Blitz"]
[Site "Chess.com"]
[Date "2021.02.16"]
[Round "4"]
[White "juancruzarias"]
[Black "Gulkov_Igor"]
[Result "1-0"]
[WhiteElo "2646"]
[BlackElo "2472"]
[TimeControl "180+1"]
[EndTime "10:37:50 PST"]
[Termination "juancruzarias won by resignation"]

1. e4 c5 2. Nc3 d6 3. g3 Nc6 4.
Bg2 g6 5. d3 Bg7 6. Be3 e5 7.
f4 Nge7 8. Nh3 O-O 9. O-O Nd4 10. Qd2 f6 11. Nf2 Be6 12. g4 exf4 13. Bxf4 Qd7 14. h3 d5 15. Bh6 Rae8 16. Bxg7 Kxg7 17. Rae1 b6 18. Ncd1 Ndc6 19. Ne3 d4 20. Ned1 Ne5 21. g5 f5 22. exf5 1-0

[Event "*** Titled Tuesday Blitz"]
[Site "Chess.com"]
[Date "2021.02.16"]
[Round "4"]
[White "1random"]
[Black "Doudou2015"]
[Result "1-0"]
[WhiteElo "2384"]
[BlackElo "2061"]
[TimeControl "180+1"]
[EndTime "10:37:50 PST"]
[Termination "1random won by resignation"]

1. e4 e5 2. Bc4 Nf6 3. d4 exd4 4.
Nf3 Nc6 5. O-O Nxe4 6. Nc3 Nxc3 7.
bxc3 d5 8. Bb5 Be7 9. Nxd4 Bd7 10. Nb3 O-O 11. Qxd5 a6 12. Bd3 Bf6 13. Nc5 Bc8 14. Qe4 g6 15. Rb1 Re8 16. Qa4 b5 17. Bxb5 axb5 18. Qxa8 Bxc3 19. Qxc6 1-0

[Event "*** Titled Tuesday Blitz"]
[Site "Chess.com"]
[Date "2021.02.16"]
[Round "4"]
[White "KafkaesqueKnight"]
[Black "Chessbard1972"]
[Result "1-0"]
[WhiteElo "2206"]
[BlackElo "2345"]
[TimeControl "180+1"]
[EndTime "10:37:57 PST"]
[Termination "KafkaesqueKnight won by checkmate"]

1. d4 Nf6 2. c4 g6 3. Nc3 Bg7 4. e4 O-O 5. Nge2 d6 6. Ng3 c5 7. d5 e6 8. Be2 exd5 9. exd5 h5 10. Bg5 Qb6 11. Qd2 Nh7 12. Bh6 h4 13. Bxg7 Kxg7 14. O-O-O hxg3 15. hxg3 Rh8 16. Qh6+ Kg8 17. Ne4 Qd8 18.
g4 Qe7 19. Bd3 Bxg4 20. Rde1 Qd8 21. Nf6+ Qxf6 22. Re8+ Nf8 23. Rxf8# 1-0

[Event "*** Titled Tuesday Blitz"]
[Site "Chess.com"]
[Date "2021.02.16"]
[Round "4"]
[White "vugarrasulov"]
[Black "Mikhail_Golubev"]
[Result "0-1"]
[WhiteElo "2757"]
[BlackElo "2541"]
[TimeControl "180+1"]
[EndTime "10:37:58 PST"]
[Termination "Mikhail_Golubev won by resignation"]

1. e4 c5 2. Nf3 d6 3. d4 Nf6 4. Nc3 cxd4 5. Nxd4 g6 6. Be3 Bg7 7. f3 Nc6 8. Qd2 O-O 9. O-O-O d5 10. Nxc6 bxc6 11. Bh6 Bxh6 12. Qxh6 Qb6 13. h4 Rb8 14.
b3 Qa5 15. Kb2 dxe4 16. h5 g5 17.
f4 Ng4 18. Qxg5+ Qxg5 19. fxg5 Nf2 20. Bc4 Bg4 0-1

[Event "*** Titled Tuesday Blitz"]
[Site "Chess.com"]
[Date "2021.02.16"]
[Round "4"]
[White "iulik86"]
[Black "ZEN-22"]
[Result "0-1"]
[WhiteElo "2618"]
[BlackElo "2485"]
[TimeControl "180+1"]
[EndTime "10:37:58 PST"]
[Termination "ZEN-22 won by resignation"]

1. e4 d5 2. exd5 c6 3. d4 cxd5 4. Bd3 Nc6 5. c3 e5 6. dxe5 Nxe5 7. Nf3 Nc6 8. O-O Bc5 9. Re1+ Be6 10. Ng5 Nf6 11. b4 Bb6 12. Nxe6 fxe6 13. Rxe6+ Kf7 14.
Re1 Rf8 15. Bg5 Kg8 16. Nd2 Bxf2+ 17. Kxf2 Ng4+ 18. Kg1 Qb6+ 0-1

[Event "*** Titled Tuesday Blitz"]
[Site "Chess.com"]
[Date "2021.02.16"]
[Round "4"]
[White "andrewtnb"]
[Black "Superfelix"]
[Result "1-0"]
[WhiteElo "2312"]
[BlackElo "2433"]
[TimeControl "180+1"]
[EndTime "10:38:14 PST"]
[Termination "andrewtnb won by resignation"]

1. d4 g6 2. e4 c6 3. Nf3 d5 4. Nc3 dxe4 5. Nxe4 Nf6 6. Nxf6+ exf6 7. h3 Bg7 8. Bc4 O-O 9. O-O a5 10. a4 Na6 11. c3 Nc7 12. Re1 Nd5 13. Qb3 Nb6 14. Bd3 Be6 15. Rxe6 fxe6 16. Qxe6+ Rf7 17. Bf4 Qd7 18. Qb3 Nd5 19. Bd2 Qd6 20. c4 Nb4 21. c5 Qd7 22. Bxb4 axb4 23. Bc4 Kf8 24. Bxf7 Qxf7 25. Qxb4 Bh6 26. Re1 Bf4 27. g3 Bc7 28. Qxb7 Rb8 29. Qxc6 Rxb2 30. d5 Be5 31. d6 Qa2 32. d7 1-0

[Event "*** Titled Tuesday Blitz"]
[Site "Chess.com"]
[Date "2021.02.16"]
[Round "4"]
[White "LogoCzar"]
[Black "NTBT_DHS"]
[Result "0-1"]
[WhiteElo "2377"]
[BlackElo "2780"]
[TimeControl "180+1"]
[EndTime "10:38:19 PST"]
[Termination "NTBT_DHS won by checkmate"]

1. e4 g6 2. d4 Bg7 3. Nc3 d6 4. f4 Nf6 5. Nf3 O-O 6. Bd3 Nc6 7. Be2 Bg4 8. d5 Nb8 9. h3 Bd7 10. O-O c6 11. dxc6 Nxc6 12. Be3 Qa5 13. Kh1 Rfd8 14. g4 Rac8 15. g5 Nh5 16. Kg2 Bxc3 17. bxc3 Qxc3 18. Bd3 Nb4 19. Bd4 Nxf4+ 20. Kg3 Nh5+ 21. Kh4 Nxd3 22. Bxc3 Ndf4 23. Be1 Ng2# 0-1

[Event "*** Titled Tuesday Blitz"]
[Site "Chess.com"]
[Date "2021.02.16"]
[Round "4"]
[White "DarZay"]
[Black "SHIVACalypso"]
[Result "0-1"]
[WhiteElo "2155"]
[BlackElo "2345"]
[TimeControl "180+1"]
[EndTime "10:38:21 PST"]
[Termination "SHIVACalypso won by checkmate"]

1. e4 e6 2. d4 d5 3. e5 c5 4. c3 Nc6 5. Nf3 Bd7 6. Be2 f6 7. O-O fxe5 8. Nxe5 Nxe5 9. dxe5 Qc7 10. f4 O-O-O 11.
Be3 Nh6 12. Nd2 Nf5 13. Bf2 Be7 14. Rc1 Rhg8 15. c4 d4 16. Ne4 Bc6 17. Bf3 g5 18. Qd2 g4 19. Ng5 gxf3 20. Nxe6 Rxg2+ 21. Kh1 Qd7 22. Nxd8 Bxd8 23. Rg1 Qg7 24. Qd3 Rxh2+ 25. Kxh2 Qh6+ 26.
Bh4 Qxh4# 0-1